Workbook

Sheet 部门收支总体情况表
A1: 附表1：
A2: 部门收支总体情况表
A3: 部门名称：阜新市医疗保障事务服务中心 | N3: 单位：万元
A4: 单位名称 | B4: 收入预算 | J4: 支出预算
B5: 合计 | C5: 财政拨款 | D5: 纳入预算管理的行政事业性收费 | E5: 国有资源有偿使用收入 | F5: 罚没收入 | G5: 纳入预算管理的政府性基金 | H5: 专项收入 | I5: 其他收入 | J5: 合计 | K5: 基本支出 | O5: 项目支出
K6: 小计 | L6: 工资福利支出 | M6: 商品和服务支出 | N6: 对个人和家庭的补助
A7: 合计 | B7: =B8 -> 4070.83 | C7: 4070.83 | J7: =K7+O7 -> 4070.83 | K7: =L7+M7+N7 -> 964.02 | L7: =L8 -> 856.96 | M7: =M8 -> 79.1 | N7: =N8 -> 27.96 | O7: =O8 -> 3106.81
A8: 阜新市医疗保障事务服务中心 | B8: 4070.83 | C8: 4070.83 | J8: =K8+O8 -> 4070.83 | K8: =L8+M8+N8 -> 964.02 | L8: 856.96 | M8: 79.1 | N8: 27.96 | O8: 3106.81

Sheet 部门收入总体情况表
A1: 附表2：
A2: 部门收入总体情况表
A3: 部门名称：阜新市医疗保障事务服务中心 | H3: 单位：万元
B4: 合计 | C4: 财政拨款 | D4: 纳入预算管理的行政事业性收费 | E4: 国有资源有偿使用收入 | F4: 罚没收入 | G4: 纳入预算管理的政府性基金 | H4: 专项收入 | I4: 其他收入
A6: 合计 | B6: =B7 -> 4070.83 | C6: =C7 -> 4070.83
A7: 阜新市医疗保障事务服务中心 | B7: =C7 -> 4070.83 | C7: =部门收支总体情况表!C8 -> 4070.83

Sheet 部门支出总体情况表
A1: 附表3：
A2: 部门支出总体情况表
A3: 部门名称：阜新市医疗保障事务服务中心 | F3: 单位：万元
B4: 合计 | C4: 基本支出 | G4: 项目支出
C5: 小计 | D5: 工资福利支出 | E5: 商品和服务支出 | F5: 对个人和家庭的补助
A6: 合计 | B6: =C6+G6 -> 4070.83 | C6: =D6+E6+F6 -> 964.02 | D6: =D7 -> 856.96 | E6: =E7 -> 79.1 | F6: =F7 -> 27.96 | G6: =G7 -> 3106.81
A7: 阜新市医疗保障事务服务中心 | B7: =C7+G7 -> 4070.83 | C7: =D7+E7+F7 -> 964.02 | D7: =部门收支总体情况表!L8 -> 856.96 | E7: =部门收支总体情况表!M8 -> 79.1 | F7: =部门收支总体情况表!N8 -> 27.96 | G7: =部门收支总体情况表!O8 -> 3106.81

Sheet 财政拨款收支总体情况表
A1: 附表4：
A2: 财政收支总体情况表
A3: 部门名称：阜新市医疗保障事务服务中心 | D3: 单位：万元
A4: 收 入 | C4: 支 出
A5: 项 目 | B5: 预算数 | C5: 项 目 | D5: 预算数
A6: 一、财政拨款收入 | B6: =部门收支总体情况表!C8 -> 4070.83 | C6: 社会保障和就业支出 | D6: =D7+D10 -> 120.43
A7: 二、纳入预算管理的行政事业性收费 | C7: 行政事业单位养老支出 | D7: 97
A8: 三、国有资源有偿使用收入 | C8: 事业单位离退休 | D8: 0.28
A9: 四、罚没收入 | C9: 机关事业单位基本养老保险缴费支出 | D9: 96.72
A10: 五、纳入预算管理的政府性基金 | C10: 抚恤 | D10: 23.43
A11: 六、专项收入 | C11: 伤残抚恤 | D11: 23.43
A12: 七、其他收入 | C12: 卫生健康支出 | D12: =D15+D13 -> 3871.94
C13: 财政对基本医疗保险基金的补助 | D13: 3000
C14: 财政对城乡居民基本医疗保险基金的补助 | D14: 3000
C15: 医疗保障管理事务 | D15: =D16 -> 871.94
C16: 事业运行 | D16: 871.94
C17: 住房保障支出 | D17: =D18 -> 78.46
C18: 住房改革支出 | D18: =D19 -> 78.46
C19: 住房公积金 | D19: 78.46
A20: 收 入 总 计 | B20: 4070.83 | C20: 支 出 总 计 | D20: =D6+D12+D17 -> 4070.83

Sheet 一般公共预算支出按功能
A1: 附表5：
A2: 一般公共预算支出情况表（按功能分类）
A3: 部门名称：阜新市医疗保障事务服务中心 | E3: 单位：万元
A4: 科目编码 | D4: 科目名称（类/款/项) | E4: 预算数
A5: 类 | B5: 款 | C5: 项
D6: 合计 | E6: =部门收支总体情况表!B7 -> 4070.83
A7: 208 | D7: 社会保障和就业支出 | E7: =财政拨款收支总体情况表!D6 -> 120.43
B8: 05 | D8: 行政事业单位养老支出 | E8: =E9+E10 -> 97
A9: 208 | B9: 05 | C9: 02 | D9: 事业单位离退休 | E9: =财政拨款收支总体情况表!D8 -> 0.28
A10: 208 | B10: 05 | C10: 05 | D10: 机关事业单位基本养老保险缴费支出 | E10: =财政拨款收支总体情况表!D9 -> 96.72
B11: 08 | D11: 抚恤 | E11: =E12 -> 23.43
A12: 208 | B12: 08 | C12: 02 | D12: 伤残抚恤 | E12: =财政拨款收支总体情况表!D11 -> 23.43
A13: 210 | D13: 卫生健康支出 | E13: =E14+E16 -> 3871.94
B14: 12 | D14: 财政对基本医疗保险基金的补助 | E14: 3000
A15: 210 | B15: 12 | C15: 02 | D15: 财政对城乡居民基本医疗保险基金的补助 | E15: 3000
B16: 15 | D16: 医疗保障管理事务 | E16: =E17 -> 871.94
A17: 210 | B17: 15 | C17: 50 | D17: 事业运行 | E17: =财政拨款收支总体情况表!D16 -> 871.94
A18: 221 | D18: 住房保障支出 | E18: =E19 -> 78.46
B19: 02 | D19: 住房改革支出 | E19: =E20 -> 78.46
A20: 221 | B20: 02 | C20: 01 | D20: 住房公积金 | E20: =财政拨款收支总体情况表!D19 -> 78.46

Sheet 一般公共预算基本支出按经济
A1: 附表6：
A2: 一般公共预算基本支出情况表（按经济分类）
A3: 部门名称：阜新市医疗保障事务服务中心 | B3: 单位：万元
A4: 科目名称（类/款) | B4: 预算数
A5: 合计 | B5: =B6+B16+B29 -> 964.02
A6: 工资福利支出 | B6: 856.96
A7: 基本工资 | B7: 335.99
A8: 津贴补贴 | B8: 103.56
A9: 奖金 | B9: 109.27
A10: 绩效工资 | B10: 73.13
A11: 机关事业单位基本养老保险缴费 | B11: 96.72
A12: 职工基本医疗保险缴费 | B12: 42.42
A13: 公务员医疗补助缴费 | B13: 11.56
A14: 其他社会保障缴费 | B14: 5.85
A15: 住房公积金 | B15: 78.46
A16: 商品和服务支出 | B16: 79.1
A17: 办公费 | B17: 6.21
... A32: 其他对个人和家庭的补助支出 | B32: 1.06

Sheet “三公”经费预算表
A1: 附表7：
A2: 一般公共预算“三公”经费支出情况表
A4: 部门名称：阜新市医疗保障事务服务中心 | B4: 单位：万元
A5: 项目 | B5: 2023年
A7: “三公”经费合计 | B7: 0
A8: １.因公出国（境）费 | B8: 0
A9: ２.公务接待费 | B9: 0
A10: ３.公务用车购置及运行费 | B10: 0
A11: 其中：公务用车购置费 | B11: 0
A12: 公务用车运行费 | B12: 0

Sheet 政府性基金预算支出明细表
A1: 附表8：
A2: 政府性基金预算支出情况表
A3: 部门名称：阜新市医疗保障事务服务中心 | E3: 单位：万元
A4: 科目编码 | D4: 科目名称 | E4: 金额
A5: 类 | B5: 款 | C5: 项
A6: 合计
A10: 说明：本单位无此项预算支出，故公开空表。

Sheet 国有资产占用情况表
A1: 附表：9
A2: 国有资产占用情况表
A3: 部门名称：阜新市医疗保障事务服务中心
A4: 项 目 | B4: 统计数
A5: （一）车辆数合计（辆） | B5: 0
A6: 1、部级领导干部用车
A7: 2、一般公务用车 | B7: 0
A8: 3、一般执法执勤用车
A9: 4、特种专业技术用车
A10: 5、其他用车
A11: （二）单价50万元以上通用设备（台，套）
A12: （三）单价100万元以上专用设备（台，套）

Sheet 部门（单位）整体绩效目标表
A1: 附表：10
A2: 部门（单位）整体绩效目标表
H3: 单位：万元
A4: 部门（单位）名称 | B4: 060002辽宁省阜新市医疗保障事务服务中心-210900000
A5: 年度预算收入 | B5: 964.02
A6: 年度预算支出 | B6: 年度部门预算支出 | D6: 964.02
B7: 人员类项目 | D7: 916.83 | E7: 其他运转类项目
B8: 公用经费类项目 | D8: 47.19 | E8: 特定目标类项目
A9: 年度主要任务 | B9: 对应项目 | F9: 预算资金情况（万元）
B10: 部门预算基本支出公用经费 | F10: 47.09
B11: 部门预算基本支出人员经费 | F11: 916.83
A12: 年度绩效目标 | B12: 保障中心日常工作顺利进行，人员工资待遇按时足额发放，加强资金管理，提高资源配置效率和使用效益。
A13: 年度绩效指标 | B13: 一级指标 | C13: 二级指标 | D13: 三级指标 | E13: 运算符号 | F13: 指标值 | G13: 度量单位 | H13: 完成时限
B14: 履职效能 | C14: 重点工作履行情况 | D14: 重点工作办结率 | E14: = | F14: 100 | G14: % | H14: 2023-12
C15: 整体工作完成情况 | D15: 工作完成及时率 | E15: = | F15: 100 | G15: % | H15: 2023-12
D16: 工作质量达标率 | E16: = | F16: 100 | G16: % | H16: 2023-12
D17: 总体工作完成率 | E17: = | F17: 100 | G17: % | H17: 2023-12
C18: 基础管理 | D18: 依法行政能力 | F18: 管理规范 | H18: 2023-12
D19: 综合管理水平 | F19: 管理规范 | H19: 2023-12
B20: 预算执行 | C20: 预算执行效率 | D20: 结转结余变动率 | E20: <= | F20: 0 | G20: % | H20: 2023-12
D21: 预算调整率 | E21: <= | F21: 5 | G21: % | H21: 2023-12
D22: 预算执行率 | E22: = | F22: 100 | G22: % | H22: 2023-12
B23: 管理效率 | C23: 预算编制管理 | D23: 预算绩效目标覆盖率 | E23: = | F23: 100 | G23: % | H23: 2023-12
C24: 预算监督管理 | D24: 预决算公开情况 | F24: 全部公开 | H24: 2023-12
C25: 预算收支管理 | D25: 预算收入管理规范性 | F25: 管理规范 | H25: 2023-12
D26: 预算支出管理规范性 | F26: 管理规范 | H26: 2023-12
C27: 财务管理 | D27: 内控制度有效性 | F27: 制度有效 | H27: 2023-12
C28: 资产管理 | D28: 固定资产利用率 | E28: = | F28: 100 | G28: % | H28: 2023-12
C29: 业务管理 | D29: 政府采购管理违法违规行为发生次数 | E29: = | F29: 0 | G29: 次 | H29: 2023-12
B30: 运行成本 | C30: 成本控制成效 | D30: “三公”经费变动率 | E30: <= | F30: 0 | G30: % | H30: 2023-12
D31: 在职人员控制率 | E31: <= | F31: 100 | G31: % | H31: 2023-12
B32: 社会效应 | C32: 服务对象满意度 | D32: 服务部门满意度 | E32: >= | F32: 95 | G32: % | H32: 2023-12
C33: 社会公众满意度 | D33: 社会公众满意度 | F33: 努力提升 | H33: 2023-12
B34: 可持续性 | C34: 体制机制改革 | D34: 保障医保基金平稳运行 | F34: 加强监管 | H34: 2023-12

Sheet 部门预算项目（政策）绩效目标表
A1: 附表：11
A2: 部门预算项目（政策）绩效目标表
I3: 单位：万元
A4: 210900230000000036407 | B4: 项目(政策)名称 | C4: 市民服务中心入驻单位公用经费
B5: 主管部门 | C5: 辽宁省阜新市医疗保障局 | F5: 实施单位 | G5: 辽宁省阜新市医疗保障事务服务中心
B6: 预算资金情况 | C6: 106.81
B7: 总体目标 | C7: 全省营商环境建设已经进入“改革攻坚、全面突破、提质增效、力争前列”的新阶段，阜新市要继续发扬成绩、乘势而为、再接再厉、再创佳绩，依托政务服务中心新环境，全力推动政务服务水平迈上新的台阶，把政务服务中心打造成服务群众的“民心工程”。
B8: 绩效指标 | C8: 一级指标 | D8: 二级指标 | E8: 三级指标 | F8: 运算 符号 | G8: 指标值 | H8: 度量 单位 | I8: 完成时限
C9: 产出指标 | D9: 数量指标 | E9: 项目开工率 | F9: >= | G9: 100 | H9: % | I9: 2023-12
E10: 项目完工率 | F10: >= | G10: 100 | H10: % | I10: 2023-12
D11: 质量指标 | E11: 医保信息系统正常运行率 | F11: >= | G11: 100 | H11: % | I11: 2023-12
E12: 项目验收合格率 | F12: >= | G12: 100 | H12: % | I12: 2023-12
E13: 政策宣传覆盖率 | F13: >= | G13: 99 | H13: % | I13: 2023-12
D14: 时效指标 | E14: 资金到位及时率 | F14: >= | G14: 100 | H14: % | I14: 2023-12
D15: 成本指标 | E15: 成本控制率 | F15: <= | G15: 100 | H15: % | I15: 2023-12
C16: 效益指标 | D16: 经济效益指标 | E16: 发挥资金使用效益 | G16: 最大程度 | I16: 2023-12
D17: 社会效益指标 | E17: 基本公共服务水平提升 | G17: 大力提升 | I17: 2023-12
D18: 生态效益指标 | E18: 节能环保 | G18: 大力提升 | I18: 2023-12
D19: 可持续影响指标 | E19: 提升医疗服务和保障能力 | G19: 大力提升 | I19: 2023-12
C20: 满意度指标 | D20: 服务对象满意度指标 | E20: 参保对象满意度 | F20: >= | G20: 98 | H20: % | I20: 2023-12
D21: 社会公众满意度指标 | E21: 社会公众满意度 | F21: >= | G21: 98 | H21: % | I21: 2023-12
A24: 210900230000000043610 | B24: 项目(政策)名称 | C24: 城乡居民基本医疗保险
B25: 主管部门 | C25: 辽宁省阜新市医疗保障局 | F25: 实施单位 | G25: 辽宁省阜新市医疗保障事务服务中心
B26: 预算资金情况 | C26: 3000
B27: 总体目标 | C27: 着力解决城乡困难群众最关心、最现实、最迫切的基本医疗保障问题。努力实现困难群众“病有所医”的目标。是中央未缓解“因病致贫、因病返贫”问题，促进社会稳定和经济发展而制定的救助政策。是社会救助体系中的一项主要救助政策，也是当前脱贫攻坚兜底保障网中不可或缺的一项救助政策。促进了中国的社会保障制度改革，它的产生和发展与我国社会保险中的医疗保险改革、社会救助制度的完善等密不可分。
B28: 绩效指标 | C28: 一级指标 | D28: 二级指标 | E28: 三级指标 | F28: 运算 符号 | G28: 指标值 | H28: 度量 单位 | I28: 完成时限
C29: 产出指标 | D29: 数量指标 | E29: 项目完工率 | F29: >= | G29: 100 | H29: % | I29: 2023-12
E30: 各级财政实际补助标准 | F30: >= | G30: 610 | H30: 元/人/年 | I30: 2023-12
D31: 质量指标 | E31: 医疗服务系统正常运行率 | F31: = | G31: 90 | H31: % | I31: 2023-12
E32: 资金足额拨付率 | F32: >= | G32: 95 | H32: % | I32: 2023-12
D33: 时效指标 | E33: 当年各级财政补助资金到位及时率 | F33: = | G33: 95 | H33: % | I33: 2023-12
D34: 成本指标 | E34: 社会保险补贴人均标准 | F34: >= | G34: 610 | H34: 元/人 | I34: 2023-12
C35: 效益指标 | D35: 经济效益指标 | E35: 参保人政策范围内住院费用报销比例 | F35: >= | G35: 70 | H35: % | I35: 2023-12
D36: 社会效益指标 | E36: 以户籍人口数为基数计算基本医保综合参保率 | F36: >= | G36: 80 | H36: % | I36: 2023-12
D37: 可持续影响指标 | E37: 保障水平 | G37: 大力提升 | I37: 2023-12
C38: 满意度指标 | D38: 服务对象满意度指标 | E38: 参保对象满意度 | F38: >= | G38: 80 | H38: % | I38: 2023-12
D39: 社会公众满意度指标 | E39: 人民群众满意度 | F39: >= | G39: 80 | H39: % | I39: 2023-12
